 Dungeon Crawl Stone Soup version 0.30-a0-964-gd452b5e7fa (webtiles) character file.

Game seed: 1658191480651659456

3089 retardedninja the Protected (level 9, -1/80 HPs)
             Began as an Armataur Fighter on Mar 30, 2023.
             Slain by a gnoll
             ... wielding a +0 flail
             ... led by a gnoll bouda
              (6 damage)
             ... on level 7 of the Dungeon.
             The game lasted 00:09:57 (9205 turns).

retardedninja the Protected (Armataur Fighter)      Turns: 9205, Time: 00:09:58

Health: -1/80      AC: 12    Str: 21    XL:     9   Next: 59%
Magic:  18/18      EV:  5    Int:  8    God:
Gold:   206        SH:  6    Dex: 19    Spells: 8/8 levels left

rFire   . . .      SeeInvis .    x - +2 long sword (heavy)
rCold   . . .      Faith    .    c - +0 buckler
rNeg    . . .      Spirit   .    w - +0 chain mail
rPois   .          Reflect  .    i - +0 helmet
rElec   +          Roll     +    f - +0 cloak
rCorr   .                        (no gloves)
Will    .....                    (no barding) Stlth
                                 (no amulet)
HPRegen 0.33/turn                d - ring of Doobboc {rElec MP+9 Dex+4}
MPRegen 0.16/turn                (no ring)

@: no status effects
A: large, rugged brown scales 3, deformed body, armoured tail, roll, long
tongue, awkward tongue
a: no special abilities


You were on level 7 of the Dungeon.
You visited 1 branch of the dungeon, and saw 7 of its levels.

You collected 206 gold pieces.

Inventory:

Hand Weapons
 x - a +2 heavy long sword (weapon)
Missiles
 u - a throwing net (quivered)
Armour
 c - a +0 buckler (worn)
 f - a +0 cloak (worn)
 i - a +0 helmet (worn)
 w - a +0 chain mail (worn)
Jewellery
 d - the ring of Doobboc (left hand) {rElec MP+9 Dex+4}
   (You found it on level 4 of the Dungeon)

   [ring of magical power]

   Dex:       It affects your dexterity (+4).
   rElec:     It insulates you from electricity.
   MP:        It affects your magic capacity (+9).
Wands
 g - a wand of paralysis (8)
 o - a wand of flame (12)
 t - a wand of polymorph (11)
Scrolls
 a - a scroll of amnesia
 h - a scroll of enchant weapon {unknown}
 k - a scroll of poison
 r - 3 scrolls of magic mapping
Potions
 e - a potion of attraction
 l - a potion of brilliance
 m - a potion of mutation
 p - a potion of magic {unknown}
 s - a potion of flight


   Skills:
 + Level 6.1 Fighting
 * Level 8.0 Long Blades
 + Level 8.0 Armour
 + Level 7.3 Shields


You had 8 spell levels left.
You didn't know any spells.
Your spell library contained the following spells:

 Spells                   Type           Power      Damage    Failure   Level
 Ensorcelled Hibernation  Hex/Ice        0%         N/A       99%         2
 Passwall                 Tmut/Erth      0%         N/A       99%         2
 Sublimation of Blood     Necr           0%         N/A       99%         2
 Swiftness                Air            0%         N/A       100%        3
 Petrify                  Tmut/Erth      0%         N/A       100%        4
 Summon Ice Beast         Ice/Summ       0%         N/A       100%        4
 Irradiate                Conj/Tmut      0%         3d11      100%        5
 Metabolic Englaciation   Hex/Ice        0%         N/A       100%        5
 Summon Mana Viper        Hex/Summ       0%         N/A       100%        5
 Statue Form              Tmut/Erth      0%         N/A       100%        6
 Monstrous Menagerie      Summ           0%         N/A       100%        7


Dungeon Overview and Level Annotations

Branches:
Dungeon (7/15)
 Temple: D:4-7

Altars:
Cheibriados
Trog
Uskayaw
Wu Jian
Yredelemnul

Annotations:
D:5 1 runed translucent door, Crazy Yiuf
D:7 Joseph


Innate Abilities, Weirdness & Mutations

You are completely covered in rugged brown scales. (AC +3, +7% HP)
Armour fits poorly on your strangely shaped body.
You have a long armoured tail.
You roll when moving toward enemies. (Rampage)
Your long tongue fully drains potion bottles. (2x potion effects)
Your tongue gives you trouble enunciating. (1.5x scroll delay)


Message History

You closely miss the gnoll bouda.
You tail-slap the gnoll bouda, but do no damage.
The gnoll barely misses you. The gnoll hits you but does no damage.
The gnoll barely misses you. x2
The gnoll hits you from afar with a +0 halberd.
The gnoll hits you but does no damage.
The gnoll bouda hits you but does no damage.
You slice the gnoll bouda!!
You kill the gnoll bouda!
The gnoll hits you but does no damage. The gnoll hits you with a +0 halberd.
The gnoll hits you but does no damage.
The gnoll hits you from afar with a +0 halberd!
The gnoll hits you with a +0 whip. The gnoll hits you with a +0 flail.
The gnoll hits you but does no damage. x2
The gnoll hits you from afar with a +0 halberd.
Unknown command.
You are too injured to fight recklessly!
You barely miss the gnoll. You tail-slap the gnoll!
The gnoll is severely wounded.
The gnoll hits you but does no damage. x2; The gnoll barely misses you.
You block the gnoll's attack.
The gnoll hits you from afar with a +0 halberd.
The gnoll hits you but does no damage.
Joseph unwields a +0 sling.
Joseph wields a +0 quarterstaff.
Joseph hits you with a +0 quarterstaff! The gnoll barely misses you.
The gnoll hits you with a +0 flail. You block the gnoll's attack.
You hit the gnoll.
You kill the gnoll!
You block the gnoll's attack. The gnoll hits you but does no damage.
Joseph hits you with a +0 quarterstaff!
* * * LOW HITPOINT WARNING * * *
You block the gnoll's attack. The gnoll hits you but does no damage.
The gnoll hits you from afar with a +0 halberd.
* * * LOW HITPOINT WARNING * * *
The gnoll hits you but does no damage. Joseph hits you with a +0 quarterstaff!
* * * LOW HITPOINT WARNING * * *
You block the gnoll's attack. The gnoll hits you but does no damage.
The gnoll hits you with a +0 flail.
You die...

######## ##......##
##........#
###..........
............
#g.g.......
#).g.......
#.g@.......
##.@......#
#..........
#..........
#....>.....
#..........
#..........
#######.........# .
####......)........


You could see Joseph and 4 gnolls.

Vanquished Creatures
  Prince Ribbit (D:6)
  Grinder (D:5)
  A slime creature (D:6)
  A steam dragon (D:6)
  A water moccasin (D:5)
  A sky beast (D:6)
  A swamp drake (D:6)
  3 ice beasts
  2 black bears (D:4)
  3 ogres (D:6)
  A phantom (D:5)
  A kobold brigand (D:6)
  Blork the orc (D:5)
  3 bullfrogs
  3 killer bees (D:6)
  6 jellies (D:6)
  3 hounds
  An orc priest (D:6)
  A gnoll bouda (D:7)
  3 iguanas
  Terence (D:2)
  5 orc wizards
  8 gnolls
  8 adders
  A shadow imp (D:7)
  A white imp (D:5)
  A dart slug (D:1)
  24 orcs
  3 ball pythons
  6 bats
  21 endoplasms
  3 giant cockroaches (D:3)
  A goblin (D:1)
  3 hobgoblins
  2 jackals (D:4)
  10 kobolds
  3 quokkas
  3 frilled lizards
  8 rats
150 creatures vanquished.

Vanquished Creatures (others)
  A centaur (D:7)
  A kobold (D:7)
  4 fungi (D:6)
6 creatures vanquished.

Grand Total: 156 creatures vanquished

Notes
Turn   | Place    | Note
-------+----------+-------------------------------------------
     0 | D:1      | retardedninja the Armataur Fighter began the quest for the
                  | Orb.
     0 | D:1      | Reached XP level 1. HP: 19/19 MP: 1/1
   161 | D:1      | Reached XP level 2. HP: 26/26 MP: 2/2
   765 | D:2      | Noticed Terence
   776 | D:2      | Killed Terence
   777 | D:2      | Reached XP level 3. HP: 5/33 MP: 3/3
  1074 | D:2      | Reached XP level 4. HP: 31/40 MP: 4/4
  2202 | D:3      | Reached XP level 5. HP: 40/46 MP: 5/5
  2387 | D:3      | Found a faded altar of an unknown god.
  3098 | D:4      | Found a hide-covered altar of Uskayaw.
  3123 | D:4      | Found a bloodstained altar of Trog.
  3123 | D:4      | Noticed a black bear
  3123 | D:4      | Noticed a black bear
  3130 | D:4      | Killed a black bear
  3131 | D:4      | Reached skill level 5 in Armour
  3131 | D:4      | Reached XP level 6. HP: 37/55 MP: 6/6
  3615 | D:4      | Found an ornate altar of the Wu Jian Council.
  3653 | D:4      | Identified the ring of Doobboc {rElec MP+9 Dex+4}
  3940 | D:5      | Entered Level 5 of the Dungeon
  3940 | D:5      | Noticed Grinder
  3957 | D:5      | Paralysed by Grinder for 2 turns
  3962 | D:5      | Paralysed by Grinder for 4 turns
  3972 | D:5      | Killed Grinder
  3973 | D:5      | Reached skill level 5 in Shields
  3973 | D:5      | Reached XP level 7. HP: 21/63 MP: 7/7
  4215 | D:5      | Reached skill level 5 in Long Blades
  4788 | D:5      | Found a basalt altar of Yredelemnul.
  4822 | D:5      | Noticed Blork the orc
  4828 | D:5      | Killed Blork the orc
  5021 | D:5      | Found a runed translucent door.
  5022 | D:5      | Noticed Crazy Yiuf
  5586 | D:6      | Reached XP level 8. HP: 54/71 MP: 8/8
  5797 | D:6      | Found a snail-covered altar of Cheibriados.
  5940 | D:6      | Reached skill level 5 in Fighting
  6915 | D:6      | Noticed a slime creature
  7115 | D:6      | Killed a slime creature
  7116 | D:6      | Reached XP level 9. HP: 69/79 MP: 9/9
  7397 | D:7      | Noticed Prince Ribbit
  7419 | D:6      | Killed Prince Ribbit
  8520 | D:6      | HP: 1/80 [swamp drake (6)]
  9198 | D:7      | Noticed Joseph
  9205 | D:7      | Slain by a gnoll

Illustrated notes

Levels and vault maps discovered:
D:1:      dpeg_arrival_tiny_g, layout_loops_ring,
          corexii_item_surrounded_by_moat
D:2:      layout_loops_cross, hex_medium, uniq_terence
D:3:      layout_basic, basic_ecumenical_altar, st_stairs_9,
          amcnicky_mini_corridor_feature, minmay_bisected
D:4:      layout_cave_pods, eat_drink_and_be_merry_uskayaw,
          nicolae_wu_jian_wuxing_cycle, trog_ov_bears_minmay
D:5:      layout_basic, mainiacjoe_overflow_small_starburst, minivault_5,
          minmay_holes, uniq_blork_the_orc, uniq_crazy_yiuf_cottage,
          uniq_grinder
D:6:      lemuel_slime, layout_loops_ring, nicolae_overflow_crystal_walls,
          hex_large
D:7:      layout_rooms, grunt_nemelex_the_gamble,
          mainiacjoe_overflow_divided_tiny, minmay_temple_entry_fiery,
          serial_shops, nicolae_shop_advertising_works
          [nicolae_subvault_shop_adworks], uniq_prince_ribbit1, uniq_joseph

Skill      XL: |  1  2  3  4  5  6  7  8  9 |
---------------+----------------------------+-----
Long Blades    | 2 3 4 5 7 8 |  8.0
Fighting       | 3 4 5 6 |  6.1
Armour         | 4 5 6 7 8 |  8.0
Shields        | 4 5 6 7 |  7.3

Action                     |  1- 3 |  4- 6 |  7- 9 || total
---------------------------+-------+-------+-------++-------
  Melee: Long sword        |    48 |   125 |   269 ||   442
         Tailslap          |     7 |    21 |    40 ||    68
         Falchion          |       |    41 |       ||    41
  Evoke: Wand              |       |       |     3 ||     3
    Use: Potion            |       |     6 |     6 ||    12
         Scroll            |       |     4 |    11 ||    15
 Armour: Scale mail        |    26 |   103 |   157 ||   286
         Chain mail        |       |       |    71 ||    71
  Dodge: Dodged            |    13 |    77 |   118 ||   208
  Block: Buckler           |    14 |    40 |   114 ||   168

Table legend: (Time is in decaauts)
 A = Elapsed time spent in this place.
 B = Non-inter-level travel time spent in this place.
 C = Inter-level travel time spent in this place.
 D = Time resting spent in this place.
 E = Time spent auto-exploring this place.
 F = Levels seen in this place.
 G = Mean time per level.
                   A        B        C        D        E       F      G
               +--------+--------+--------+--------+--------+-----+--------+
         Total |   9341 |   9125 |    216 |   2808 |   5025 |   7 | 1334.4 |
       Dungeon |   9341 |   9125 |    216 |   2808 |   5025 |   7 | 1334.4 |
               +--------+--------+--------+--------+--------+-----+--------+

Top non-repeatable levels by time:
     D:6: 3746 daAuts
     D:5: 1530 daAuts
     D:3: 1155 daAuts
     D:4: 1040 daAuts
     D:2: 1019 daAuts
     D:1: 774 daAuts
     D:7: 74 daAuts
